 Dungeon Crawl Stone Soup version 0.30-a0-613-gdd512c7efb (webtiles) character file.

Game seed: 17257403859198852798

325 avis the Chopper (level 6, 0/53 HPs)
             Began as a Hill Orc Monk on Jan 9, 2023.
             Was a Believer of Beogh.
             Killed by divine providence
             ... invoked by an orc priest
              (11 damage)
             ... on level 5 of the Dungeon.
             The game lasted 00:20:30 (4601 turns).

avis the Chopper (Hill Orc Monk)                    Turns: 4601, Time: 00:20:31

Health: 0/53       AC:  7    Str: 19    XL:     6   Next: 48%
Magic:  7/7        EV: 13    Int: 16    God:    Beogh [**....]
Gold:   202        SH:  0    Dex: 17    Spells: 5/5 levels left

rFire   . . .      SeeInvis .    a - +0 war axe
rCold   x . .      Faith    +    (no shield)
rNeg    . . .      Spirit   .    z - +5 robe "Wicog" {rC- Str+3 Dex+4}
rPois   .          Reflect  .    (no helmet)
rElec   .          Harm     .    l - scarf {shadows}
rCorr   +          Rampage  .    (no gloves)
Will    .....                    (no boots)
Stlth   ++                       i - amulet of faith
HPRegen 0.28/turn                G - ring of resist corrosion
MPRegen 0.10/turn                L - +6 ring of intelligence

@: no status effects
A: no striking features
a: Renounce Religion, Smiting


You were on level 5 of the Dungeon.
You worshipped Beogh.
Beogh was pleased with you.
You visited 1 branch of the dungeon, and saw 5 of its levels.

You collected 389 gold pieces.
You spent 187 gold pieces at shops.

Inventory:

Hand Weapons
 a - a +0 war axe (weapon)
 q - a +0 sling
 v - a +2 heavy mace
 A - a +0 falchion of draining
 B - a +0 sling
 E - a +1 dagger of venom
 N - a +2 mace of holy wrath
 Q - a +1 halberd of protection
Missiles
 j - 5 javelins
 k - 6 poisoned darts (quivered)
Armour
 b - a +0 robe
 h - a +2 ring mail of cold resistance
 l - a scarf of shadows (worn)
 z - the +5 robe "Wicog" (worn) {rC- Str+3 Dex+4}
   (You found it on level 3 of the Dungeon)

   Str:       It affects your strength (+3).
   Dex:       It affects your dexterity (+4).
   rC:        It makes you vulnerable to cold.
 M - a +0 chain mail
Magical Staves
 s - a staff of death
Jewellery
 i - an amulet of faith (around neck)
 G - a ring of resist corrosion (left hand)
 H - a ring of protection from cold
 L - a +6 ring of intelligence (right hand)
Wands
 y - a wand of charming (8)
 J - a wand of flame (16)
 P - a wand of polymorph (10)
Scrolls
 e - a scroll of teleportation {unknown}
 g - a scroll of torment {unknown}
 m - 2 scrolls of enchant weapon {unknown}
 n - a scroll of vulnerability {unknown}
 o - 2 scrolls of poison {unknown}
 u - 2 scrolls of noise
 w - 2 scrolls of fog
 x - a scroll of butterflies
 D - a scroll of blinking {unknown}
 F - a scroll of magic mapping {unknown}
Potions
 c - a potion of ambrosia
 d - 3 potions of curing
 f - 3 potions of lignification
 p - a potion of flight
 r - a potion of haste {unknown}
 t - 3 potions of brilliance
 C - a potion of cancellation {unknown}
 I - a potion of mutation {unknown}
 K - a potion of heal wounds {unknown}
 O - a potion of invisibility {unknown}


   Skills:
 + Level 4.6 Fighting
 * Level 7.8 Axes
 + Level 1.9 Throwing
 - Level 2.4 Dodging
 - Level 1.5 Stealth
 + Level 2.0 Invocations


You had 5 spell levels left.
You didn't know any spells.
Your spell library contained the following spells:

 Spells                   Type           Power      Damage    Failure   Level
 Apportation              Tloc           0%         N/A       26%         1
 Necrotise                Necr           0%         1d4       26%         1
 Summon Small Mammal      Summ           0%         N/A       26%         1
 Cigotuvi's Dreadful Rot  Necr/Pois/Air  0%         N/A       36%         2
 Poisonous Vapours        Pois/Air       0%         N/A       36%         2
 Confusing Touch          Hex            0%         N/A       58%         3
 Ignite Poison            Fire/Tmut/Pois 0%         N/A       58%         3
 Mephitic Cloud           Conj/Pois/Air  0%         N/A       58%         3
 Portal Projectile        Hex/Tloc       0%         N/A       58%         3
 Summon Guardian Golem    Hex/Summ       0%         N/A       58%         3
 Tukima's Dance           Hex            0%         N/A       58%         3
 Cause Fear               Hex            0%         N/A       94%         4
 Blade Hands              Tmut           0%         N/A       100%        5


Dungeon Overview and Level Annotations

Branches:
Dungeon (5/15)
 Temple: D:4-7

Altars:
Gozag

Shops:
D:2 ?==([


Message History

The orc closely misses you.
Your Invocations skill increases to level 2!
The orc hits you with a +0 trident.
You see here an iguana corpse.
You slash the orc!
You kill the orc!
Beogh accepts your kill.
The orc priest mumbles some strange prayers to Beogh against you.
Beogh smites you!
An orc wizard comes into view. It is wielding a +0 dagger.
The orc wizard shouts!
You hit the orc.
The orc is lightly wounded.
The orc barely misses you. The orc hits you but does no damage.
The orc priest mumbles some strange prayers to Beogh against you.
Beogh smites you!
* * * LOW HITPOINT WARNING * * *
You slash the orc!
You kill the orc!
Beogh accepts your kill.
A white imp comes into view.
You hit the orc priest.
The orc priest is lightly wounded.
The orc priest hits you with a +0 mace.
* * * LOW HITPOINT WARNING * * *
You hit the orc priest.
The orc priest is moderately wounded.
The orc priest misses you.
The orc wizard gestures wildly while chanting.
The orc wizard flickers and vanishes!
Deactivating autopickup; reactivate with Ctrl-A.
You slash the orc priest!
The orc priest is severely wounded.
The orc priest closely misses you.
You hit the orc priest. Your punch misses the orc priest.
The orc priest is almost dead.
The orc priest calls down the wrath of Beogh upon you.
Beogh smites you!
You die...
Beogh appreciates the orc priest's killing of a heretic priest.

######.#
#..<...#
#.####.#
#@# #o#
.{.
##.#5
#....
#.# #.
#.. ..
########


You could see an orc priest and a white imp.

Vanquished Creatures
  An ogre (D:4)
  A jelly (D:4)
  An orc priest (D:4)
  2 iguanas
  4 adders
  2 dart slugs
  10 orcs
  8 endoplasms
  6 giant cockroaches
  8 goblins
  5 hobgoblins
  7 kobolds
  5 quokkas
  5 ball pythons
  4 bats
  4 frilled lizards
  10 rats
83 creatures vanquished.

Vanquished Creatures (others)
  An orc priest (D:4)
  An orc (D:4)
  15 plants
17 creatures vanquished.

Grand Total: 100 creatures vanquished

Notes
Turn   | Place    | Note
-------+----------+-------------------------------------------
     0 | D:1      | avis the Hill Orc Monk began the quest for the Orb.
     0 | D:1      | Reached XP level 1. HP: 19/19 MP: 1/1
   160 | D:1      | Reached XP level 2. HP: 24/26 MP: 2/2
   254 | D:1      | Reached skill level 5 in Axes
   281 | D:1      | Found a faded altar of an unknown god.
   389 | D:1      | Reached XP level 3. HP: 31/31 MP: 3/3
  1004 | D:2      | Found Daovviol's Jewellery Boutique.
  1141 | D:2      | Found Laseyqit's Armour Emporium.
  1190 | D:2      | Reached skill level 6 in Axes
  1201 | D:2      | Found Totaofa's Jewellery Shop.
  1356 | D:2      | Found Ilozuklo's Magic Scroll Shop.
  1474 | D:2      | Found Piunnad's Weapon Boutique.
  1613 | D:2      | Reached XP level 4. HP: 39/39 MP: 4/4
  1630 | D:2      | Bought a scroll of noise for 11 gold pieces
  1630 | D:2      | Bought a scroll of identify for 22 gold pieces
  1630 | D:2      | Bought a scroll of identify for 22 gold pieces
  1630 | D:2      | Bought a scroll of identify for 22 gold pieces
  1630 | D:2      | Bought a scroll of identify for 22 gold pieces
  1630 | D:2      | Bought a scroll of fog for 44 gold pieces
  1630 | D:2      | Bought a scroll of butterflies for 44 gold pieces
  2016 | D:3      | Found Puczid's Magic Scroll Emporium.
  2053 | D:3      | Identified the +5 robe "Wicog" {rC- Str+3 Dex+4}
  3007 | D:4      | Got the Handbook of the Ill-starred Inferno
  3380 | D:4      | Became a worshipper of Beogh the Brigand
  3380 | D:4      | Reached * piety under Beogh
  3380 | D:4      | Reached ** piety under Beogh
  3394 | D:4      | Reached skill level 1 in Throwing
  3394 | D:4      | Reached XP level 5. HP: 24/46 MP: 5/5
  3423 | D:4      | Reached skill level 7 in Axes
  3550 | D:4      | Found an opulent altar of Gozag.
  3634 | D:4      | Reached skill level 1 in Invocations
  3739 | D:4      | Noticed an ogre
  3747 | D:4      | Killed an ogre
  3748 | D:4      | Reached XP level 6. HP: 53/53 MP: 5/7
  4456 | D:5      | Entered Level 5 of the Dungeon
  4601 | D:5      | Killed from afar by an orc priest

Illustrated notes

Levels and vault maps discovered:
D:1:      dpeg_arrival_refuge, layout_basic,
          dreamdust_ecumenical_altar_hidden_monk_grotto, minmay_surrounded
D:2:      layout_loops_cross, serial_shops, shop_coins, nicolae_square_shop,
          shop, shop_statue, shop, minmay_pentomino_w2
D:3:      layout_basic, serial_shops, shop
D:4:      layout_basic, mainiacjoe_overflow_catwalk, serial_forest,
          infiniplex_forest_lined_4_way, infiniplex_forest_lined_2,
          infiniplex_forest_fountain, infiniplex_forest_straight_3,
          infiniplex_forest_clump_double, infiniplex_forest_end_1,
          infiniplex_forest_clump_double, infiniplex_forest_lined_1,
          infiniplex_forest_fountain
D:5:      minmay_octagon_keep, layout_loops_corners,
          minmay_temple_entry_offerings, hangedman_abyss_or_decor_passed

Skill      XL: |  1  2  3  4  5  6 |
---------------+-------------------+-----
Axes           | 5 6 7 |  7.8
Fighting       | 4 |  4.6
Throwing       | 1 |  1.9
Invocations    | 1 2 |  2.0
Dodging        | |  2.4
Stealth        | |  1.5

Action                   |  1- 3 |  4- 6 || total
-------------------------+-------+-------++-------
Melee: Hand axe          |   111 |    82 ||   193
       Punch             |     1 |     1 ||     2
       War axe           |       |    56 ||    56
Throw: Javelin           |    13 |       ||    13
       Dart              |       |     5 ||     5
Invok: Convert to Beogh  |       |     1 ||     1
  Use: Scroll            |       |     4 ||     4
 Stab: Sleeping          |     1 |     6 ||     7
Armor: Ring mail         |    46 |     6 ||    52
       Robe              |     1 |    27 ||    28
Dodge: Dodged            |    57 |    80 ||   137

Table legend: (Time is in decaauts)
 A = Elapsed time spent in this place.
 B = Non-inter-level travel time spent in this place.
 C = Inter-level travel time spent in this place.
 D = Time resting spent in this place.
 E = Time spent auto-exploring this place.
 F = Levels seen in this place.
 G = Mean time per level.
                   A        B        C        D        E       F      G
               +--------+--------+--------+--------+--------+-----+--------+
         Total |   4617 |   4060 |    557 |    192 |   2730 |   5 |  923.4 |
       Dungeon |   4617 |   4060 |    557 |    192 |   2730 |   5 |  923.4 |
               +--------+--------+--------+--------+--------+-----+--------+

Top non-repeatable levels by time:
     D:4: 1506 daAuts
     D:3: 1089 daAuts
     D:1: 1052 daAuts
     D:2: 916 daAuts
     D:5: 52 daAuts
